 Dungeon Crawl Stone Soup version 0.27.1-1-g398f81649c (webtiles) character file.

Game seed: 5837747740960344268

684 ZARRMARR the Ducker (level 7, -6/49 HPs)
             Began as an Octopode Conjurer on Sept 10, 2021.
             Mangled by Edmund (8 damage)
             ... on level 4 of the Dungeon.
             The game lasted 00:11:17 (4472 turns).

ZARRMARR the Ducker (Octopode Conjurer)             Turns: 4472, Time: 00:11:18

Health: -6/49      AC:  1    Str:  6    XL:     7   Next: 62%
Magic:  10/14      EV: 14    Int: 23    God:
Gold:   198        SH:  0    Dex: 10    Spells: 14/15 levels left

rFire    . . .     SeeInvis .   g - +4 whip (freeze)
rCold    . . .     Faith    .   (no shield)
rNeg     . . .     Spirit   .   (helmet restricted)
rPois    .         Reflect  .   (no amulet)
rElec    .         Harm     .   (no ring)
rCorr    .         Rampage  .   (no ring)
Will     .....                  (no ring)
Stlth    +++.......             (no ring)
HPRegen  0.16/turn              (no ring)
MPRegen  0.14/turn              (no ring)
                                (no ring)
                                (no ring)

@: no status effects
A: almost no armour, amphibious, 8 rings, camouflage 1, gelatinous body 1,
(nimble swimmer 1), tentacles
a: no special abilities


You were on level 4 of the Dungeon.
You visited 1 branch of the dungeon, and saw 5 of its levels.

You collected 198 gold pieces.

Inventory:

Hand Weapons
 g - a +4 whip of freezing (weapon)
Scrolls
 e - 2 scrolls of fear
 h - a scroll of fog
Potions
 c - a potion of might {unknown}


   Skills:
 + Level 4.4 Fighting
 + Level 5.0 Dodging
 - Level 2.6 Stealth
 + Level 4.7 Spellcasting
 - Level 4.0 Conjurations


You had 14 spell levels left.
You knew the following spells:

 Your Spells              Type           Power      Damage    Failure   Level
a - Magic Dart            Conj           92%        1d7       1%          1

Your spell library contained the following spells:

 Spells                   Type           Power      Damage    Failure   Level
 Searing Ray              Conj           46%        3d4       2%          2
 Static Discharge         Conj/Air       14%        N/A       6%          2
 Sting                    Tmut/Pois      20%        1d4       10%         1
 Dazzling Flash           Conj/Hex       28%        N/A       13%         3
 Call Canine Familiar     Summ           5%         N/A       28%         3
 Fulminant Prism          Conj/Hex       7%         3d7       38%         4
 Iskenderun's Mystic Bla  Conj/Tloc      14%        2d5       38%         4
 Summon Lightning Spire   Summ/Air       5%         N/A       67%         4
 Lightning Bolt           Conj/Air       7%         1d19      75%         5
 Malign Gateway           Summ/Tloc      2%         N/A       100%        7
 Maxwell's Capacitive Co  Air            2%         ∞         100%        8
 Animate Armour           Summ/Erth      Unusable   N/A       N/A         4

Dungeon Overview and Level Annotations

Branches:
Dungeon (5/15)
 Temple: D:4-7

Altars:
Kikubaaqudgha
Qazlal

Shops:
D:4 *

Annotations:
D:2 exclusion: downstairs
D:4 exclusion: downstairs, Edmund
D:5 Menkaure, Sigmund


Innate Abilities, Weirdness & Mutations

You cannot wear most types of armour.
You are amphibious.
You can wear up to eight rings at the same time.
Your skin changes colour to match your surroundings (Stealth+).
Your rubbery body absorbs attacks. (AC +1, EV +1)
((You are camouflaged near water. (Stealth+)))
You have tentacles for arms and can constrict up to eight enemies at once.


Message History

Aiming: Magic Dart (safe; 1% risk of failure)
Press: ? - help, Shift-Dir - straight line, f/p - Edmund
Aim: Edmund, wielding a +4 flail of protection and wearing a +0 ring mail (100% to hit)
The magic dart hits Edmund but does no damage.
You completely miss Edmund. You grab Edmund.
You constrict Edmund, but do no damage.
Edmund hits you with a +4 flail of protection!
You barely miss Edmund. You constrict Edmund, but do no damage.
Edmund completely misses you.
You hit Edmund but do no damage. You constrict Edmund, but do no damage.
Edmund hits you with a +4 flail of protection!
You barely miss Edmund. You squeeze Edmund, but do no damage.
You constrict Edmund, but do no damage.
Edmund hits you with a +4 flail of protection!
You hit Edmund. You freeze Edmund. You squeeze Edmund, but do no damage.
Edmund is lightly wounded.
You constrict Edmund. Edmund barely misses you.
You hit Edmund. You freeze Edmund.
Edmund is moderately wounded.
You constrict Edmund, but do no damage.
Edmund hits you with a +4 flail of protection!
* * * LOW HITPOINT WARNING * * *
You hit Edmund but do no damage.
Edmund is moderately wounded.
You constrict Edmund. Edmund closely misses you.
You hit Edmund but do no damage.
Edmund is heavily wounded.
You constrict Edmund.
Edmund hits you with a +4 flail of protection!
* * * LOW HITPOINT WARNING * * *
You hit Edmund but do no damage. You squeeze Edmund, but do no damage.
Edmund is heavily wounded.
You constrict Edmund. Edmund barely misses you.
You hit Edmund but do no damage.
Edmund is heavily wounded.
You constrict Edmund, but do no damage. Edmund completely misses you.
Edmund drinks a potion.
Edmund is healed!
You hit Edmund but do no damage. You constrict Edmund.
Edmund hits you with a +4 flail of protection!
You die...

#..# .## ##.##
#####......## ###>..#
.§.........<.##
#####..##...
##...@.........# ##.#..###
##. ..............
###....## #
..............###.......##
#.............#...........#
............@@.##.........#
#............###..........#
.....####### ###........#
#.......## 8.......#
........# ......# ######


You could see Edmund.

Vanquished Creatures
  Grinder (D:4)
  A water moccasin (D:5)
  2 phantoms
  A scorpion (D:4)
  Jessica (D:2)
  A killer bee zombie (D:4)
  A hound skeleton (D:2)
  5 adders
  A worm (D:4)
  A dart slug (D:2)
  An orc (D:3)
  8 bats
  2 endoplasms
  7 giant cockroaches
  6 goblins
  5 hobgoblins
  4 quokkas
  3 ball pythons
  4 frilled lizards
  4 kobolds
  6 rats
65 creatures vanquished.

Notes
Turn   | Place    | Note
-------+----------+-------------------------------------------
     0 | D:1      | ZARRMARR the Octopode Conjurer began the quest for the Orb.
     0 | D:1      | Reached XP level 1. HP: 11/11 MP: 3/3
   326 | D:1      | Reached XP level 2. HP: 18/18 MP: 3/5
   419 | D:1      | Got Tutedweh's Collected Works on Creation and Toxins
   544 | D:1      | Reached skill level 1 in Fighting
   998 | D:2      | Reached XP level 3. HP: 23/23 MP: 0/6
  1331 | D:2      | Reached XP level 4. HP: 26/29 MP: 0/8
  1519 | D:2      | Reached skill level 3 in Dodging
  1756 | D:2      | Noticed Jessica
  1762 | D:2      | Killed Jessica
  1837 | D:2      | Found an ancient bone altar of Kikubaaqudgha.
  2242 | D:2      | Found a faded altar of an unknown god.
  2519 | D:3      | Reached XP level 5. HP: 32/35 MP: 2/9
  2604 | D:3      | Noticed a phantom
  2772 | D:3      | Killed a phantom
  3412 | D:4      | Reached XP level 6. HP: 5/42 MP: 9/11
  3600 | D:4      | Noticed a fire elemental
  3604 | D:4      | Found a stormy altar of Qazlal.
  3606 | D:4      | Noticed a water elemental
  3606 | D:4      | Noticed an air elemental
  3637 | D:4      | Found Coelas's Mass Market.
  3751 | D:4      | Noticed Grinder
  3753 | D:4      | Noticed Edmund
  3765 | D:4      | Reached skill level 4 in Dodging
  3966 | D:5      | Entered Level 5 of the Dungeon
  3966 | D:5      | Noticed a water moccasin
  3974 | D:5      | Killed a water moccasin
  3975 | D:5      | Reached XP level 7. HP: 22/47 MP: 9/13
  4247 | D:5      | Noticed Menkaure
  4248 | D:5      | Noticed Sigmund
  4286 | D:4      | Killed Grinder
  4287 | D:4      | Reached skill level 5 in Dodging
  4469 | D:4      | HP: 2/49 [Edmund (7)]
  4472 | D:4      | Mangled by Edmund

Illustrated notes

Levels and vault maps discovered:
D:1:      nzn_arrival_depleted_hourglass, layout_basic
D:2:      layout_basic, dilly_ecumenical_altar_fadedgnrine, basic_altar,
          uniq_jessica
D:3:      layout_loops_ring
D:4:      layout_cave_pods, minitemple, nicolae_qazlal_style_of_elements,
          minmay_shop_mass, minmay_pentomino_pile, uniq_grinder, uniq_edmund
D:5:      layout_gridville, uniq_menkaure, uniq_sigmund, uniq_ijyb,
          uniq_eustachio

Skill      XL: |  1  2  3  4  5  6  7 |
---------------+----------------------+-----
Fighting       | 1 2 3 4 |  4.4
Dodging        | 3 4 5 |  5.0
Spellcasting   | 3 4 |  4.7
Stealth        | |  2.6
Conjurations   | |  4.0

Action                   |  1- 3 |  4- 6 |  7- 9 || total
-------------------------+-------+-------+-------++-------
Melee: Unarmed           |     7 |     4 |       ||    11
       Constrict         |     1 |     4 |     2 ||     7
       Tentacles         |     1 |     3 |     6 ||    10
       Whip              |       |    21 |    18 ||    39
 Cast: Magic Dart        |    54 |    92 |    11 ||   157
  Use: Scroll            |       |     2 |     4 ||     6
       Potion            |       |     2 |       ||     2
Armor: Skin              |       |     1 |       ||     1
Dodge: Dodged            |     8 |    16 |     7 ||    31
